 Dungeon Crawl Stone Soup version 0.29-a0-870-g2c972031a6 (webtiles) character file.

Game seed: 11540036353098723830

245 kevlar127 the Ruffian (level 5, -2/81 HPs)
             Began as a Troll Berserker on July 17, 2022.
             Was a Believer of Trog.
             Slain by a gnoll
             ... wielding a +0 spear
             ... led by a gnoll bouda
              (4 damage)
             ... on level 4 of the Dungeon.
             The game lasted 00:02:44 (2015 turns).

kevlar127 the Ruffian (Troll Berserker)             Turns: 2015, Time: 00:02:45

Health: -2/81      AC:  4    Str: 27    XL:     5   Next: 83%
Magic:  4/4        EV: 10    Int:  3    God:    Trog [**....]
Gold:   177        SH:  0    Dex:  9    Spells: 4/4 levels left

rFire   + . .      SeeInvis .     - Unarmed
rCold   . . .      Faith    .   (no shield)
rNeg    . . .      Spirit   .   a - +0 animal skin
rPois   .          Reflect  .   (helmet restricted)
rElec   .          Harm     .   (no cloak)
rCorr   .          Rampage  .   (gloves unavailable)
Will    .....                   (boots unavailable)
Stlth   ..........              (no amulet)
HPRegen 1.03/turn               j - ring of protection from fire
MPRegen 0.09/turn               (no ring)

@: berserking, very quick
A: large, unfitting armour, claws 3, regeneration 1, shaggy fur 1, tough skin 1
a: Renounce Religion, Berserk, Trog's Hand


You were on level 4 of the Dungeon.
You worshipped Trog.
Trog was pleased with you.
You visited 1 branch of the dungeon, and saw 4 of its levels.

You collected 177 gold pieces.

Inventory:

Missiles
 b - 44 stones (quivered)
 l - 3 large rocks
 q - 2 boomerangs
 r - 7 poisoned darts
Armour
 a - a +0 animal skin (worn)
Jewellery
 j - a ring of protection from fire (left claw)
 p - an amulet of reflection
Wands
 s - a wand of roots (8)
Scrolls
 c - a scroll of vulnerability {unknown}
 e - a scroll of fog {unknown}
 f - 4 scrolls of identify {unknown}
 g - a scroll of amnesia {unknown}
 h - a scroll of enchant armour {unknown}
 i - a scroll of noise {unknown}
 k - a scroll of poison {unknown}
Potions
 d - a potion of might {unknown}
 m - 3 potions of curing {unknown}
 n - a potion of invisibility {unknown}
 o - a potion of magic {unknown}


   Skills:
 + Level 3.7 Fighting
 + Level 1.9 Throwing
 - Level 3.0 Dodging
 + Level 4.6 Unarmed Combat


You had 4 spell levels left.
You didn't know any spells.
Your spell library was empty.

Dungeon Overview and Level Annotations

Branches:
Dungeon (4/15)
 Temple: D:4-7

Altars:
Fedhas
Nemelex Xobeh
The Shining One


Innate Abilities, Weirdness & Mutations

You are too large for most types of armour.
You have claws for hands.
Your natural rate of healing is unusually fast.
You are covered in fur. (AC +1)
You have tough skin. (AC +1)


Message History

You are too injured to fight recklessly!
A red film seems to cover your vision as you go berserk!
You feel yourself moving faster!
You feel mighty!
The gnoll hits you from afar with a +0 spear.
* * * LOW HITPOINT WARNING * * *
Unknown command.
You closely miss the gnoll bouda. You closely miss the gnoll bouda.
The gnoll hits you from afar with a +0 spear.
* * * LOW HITPOINT WARNING * * *
The gnoll hits you from afar with a +0 spear.
* * * LOW HITPOINT WARNING * * *
You claw the gnoll bouda!
The gnoll bouda is severely wounded.
Your attacks no longer feel as feeble.
The gnoll bouda hits you with a +0 club.
* * * LOW HITPOINT WARNING * * *
The gnoll barely misses you.
You mangle the gnoll bouda!!
You kill the gnoll bouda!
Trog accepts your kill.
The gnoll hits you from afar with a +0 spear.
* * * LOW HITPOINT WARNING * * *
The gnoll closely misses you.
Things that are here:
a +0 club; a +0 robe You claw the gnoll!
You kill the gnoll!
Trog accepts your kill. The gnoll barely misses you.
The gnoll hits you from afar with a +0 spear.
* * * LOW HITPOINT WARNING * * *
You claw the gnoll!
The gnoll is severely wounded.
The gnoll hits you with a +0 spear.
* * * LOW HITPOINT WARNING * * *
The gnoll hits you with a +0 flail!
* * * LOW HITPOINT WARNING * * *
The gnoll hits you from afar with a +0 spear.
You die...

###### ## #.....###.#
........... ..........
.......# ..g.. #gg# #@#
#.## ##.#
##############.##
##...........##..###...
#.....................#
#.................#####
#..............#..#
#.............##..#


You could see 3 gnolls.

Vanquished Creatures
  A phantom (D:3)
  A gnoll bouda (D:4)
  A gnoll (D:4)
  7 adders
  4 worms
  A dart slug (D:3)
  An orc (D:3)
  5 ball pythons
  5 bats
  6 endoplasms
  A giant cockroach (D:1)
  5 goblins
  7 hobgoblins
  6 kobolds
  A quokka (D:1)
  A frilled lizard (D:1)
  3 rats
56 creatures vanquished.

Notes
Turn   | Place    | Note
-------+----------+-------------------------------------------
     0 | D:1      | kevlar127 the Troll Berserker began the quest for the Orb.
     0 | D:1      | Reached XP level 1. HP: 22/22 MP: 0/0
   143 | D:1      | Reached XP level 2. HP: 29/29 MP: 1/1
   200 | D:1      | Found a faded altar of an unknown god.
   572 | D:2      | Reached XP level 3. HP: 33/36 MP: 2/2
   674 | D:2      | Reached ** piety under Trog
   725 | D:2      | Reached XP level 4. HP: 45/45 MP: 3/3
  1316 | D:3      | Reached skill level 4 in Unarmed Combat
  1397 | D:3      | Noticed a phantom
  1402 | D:3      | Killed a phantom
  1403 | D:3      | Reached skill level 1 in Throwing
  1403 | D:3      | Reached XP level 5. HP: 50/53 MP: 4/4
  1406 | D:3      | Found a sparkling altar of Nemelex Xobeh.
  1406 | D:3      | Found a blossoming altar of Fedhas.
  1406 | D:3      | Found a glowing golden altar of the Shining One.
  2015 | D:4      | HP: 2/81 [gnoll/+0 flail[a gnoll bouda] (10)]
  2015 | D:4      | Slain by a gnoll

Illustrated notes

Levels and vault maps discovered:
D:1:      dpeg_arrival_simpleton_a, layout_rooms, basic_ecumenical_altar
D:2:      layout_basic
D:3:      layout_loops_cross, gammafunk_temple_overflow_claw
D:4:      layout_cave_pods, nicolae_vehumet_altar_sigil, kennysheep_nondescript

Skill      XL: |  1  2  3  4 |
---------------+-------------+-----
Dodging        | 3 |  3.0
Fighting       | 3 |  3.7
Unarmed Combat | 4 |  4.6
Throwing       | 1 |  1.9

Action                   |  1- 3 |  4- 6 || total
-------------------------+-------+-------++-------
Melee: Unarmed           |    78 |    86 ||   164
Invok: Berserk           |       |     1 ||     1
 Stab: Sleeping          |     1 |     2 ||     3
Armor: Animal skin       |    31 |    18 ||    49
Dodge: Dodged            |    45 |    34 ||    79

Table legend: (Time is in decaauts)
 A = Elapsed time spent in this place.
 B = Non-inter-level travel time spent in this place.
 C = Inter-level travel time spent in this place.
 D = Time resting spent in this place.
 E = Time spent auto-exploring this place.
 F = Levels seen in this place.
 G = Mean time per level.
                   A        B        C        D        E       F      G
               +--------+--------+--------+--------+--------+-----+--------+
         Total |   2002 |   1668 |    334 |      0 |   1316 |   4 |  500.5 |
       Dungeon |   2002 |   1668 |    334 |      0 |   1316 |   4 |  500.5 |
               +--------+--------+--------+--------+--------+-----+--------+

Top non-repeatable levels by time:
     D:2: 702 daAuts
     D:3: 699 daAuts
     D:1: 529 daAuts
     D:4: 71 daAuts
